 Dungeon Crawl Stone Soup version 0.24.0-123-gd5b16e6ec5 (webtiles) character file.

Game seed: 17932235644572719432, levelgen mode: deterministic

8614 Ereth the Cleaver (level 11, -29/97 HPs)
             Began as a Hill Orc Fighter on Dec 27, 2019.
             Was a High Priest of Okawaru.
             Killed from afar by Fannar (41 damage)
             ... with a bolt of cold
             ... on level 11 of the Dungeon.
             The game lasted 00:31:23 (10472 turns).

Ereth the Cleaver (Hill Orc Fighter)               Turns: 10472, Time: 00:31:23

Health: -29/97     AC: 22    Str: 22    XL:     11   Next: 33%
Magic:  12/12      EV:  6    Int:  8    God:    Okawaru [*****.]
Gold:   551        SH: 11    Dex: 11    Spells: 10/10 levels left

rFire    . . .     SeeInvis .   a - +0 war axe
rCold    . . .     Gourm    .   c - +0 shield
rNeg     . . .     Faith    .   l - +2 plate armour
rPois    .         Spirit   .   k - +1 helmet
rElec    .         Reflect  .   J - +1 cloak
rCorr    .         Harm     .   g - +1 pair of gloves
MR       .....                  (no boots)
Stlth    ..........             (no amulet)
HPRegen  0.26/turn              t - ring of stealth
MPRegen  0.13/turn              r - ring of flight

@: very slightly contaminated
A: no striking features
a: Heroism, Finesse, Renounce Religion, Evoke Flight


You were on level 11 of the Dungeon.
You worshipped Okawaru.
Okawaru was extremely pleased with you.
You were not hungry.

You visited 2 branches of the dungeon, and saw 12 of its levels.
You also visited: Sewer.

You collected 551 gold pieces.

Inventory:

Hand Weapons
 a - a +0 war axe (weapon)
Missiles
 s - 14 boomerangs (quivered)
Armour
 c - a +0 shield (worn)
 g - a +1 pair of gloves (worn)
 k - a +1 helmet (worn)
 l - a +2 plate armour (worn)
 J - a +1 cloak (worn)
Jewellery
 o - a +2 ring of intelligence
 r - a ring of flight (right hand)
 t - a ring of stealth (left hand)
Wands
 b - a wand of random effects (13)
 h - a wand of digging (11)
 w - a wand of acid (6)
 C - a wand of iceblast (19)
 D - a wand of disintegration (9)
 E - a wand of flame (14)
Scrolls
 e - 6 scrolls of fear
 x - 3 scrolls of blinking
 y - a scroll of amnesia
 A - 7 scrolls of teleportation
 B - 5 scrolls of remove curse
 K - a scroll of summoning
Potions
 d - 4 potions of might
 i - a potion of mutation
 j - 2 potions of curing
 m - a potion of ambrosia
 n - a potion of magic
 q - 4 potions of flight
 u - 2 potions of berserk rage {unknown}
 v - a potion of brilliance {unknown}
 F - a potion of haste
 G - a potion of degeneration {unknown}
 L - a potion of invisibility
Miscellaneous
 H - a lamp of fire
Comestibles
 f - 9 rations


   Skills:
 + Level 9.0 Fighting
 + Level 14.7 Axes
 + Level 1.6 Throwing
 + Level 7.8 Armour
 + Level 1.5 Dodging
 + Level 0.7 Stealth
 + Level 9.0 Shields
 + Level 2.3 Invocations


You had 10 spell levels left.
You didn't know any spells.
Your spell library contained the following spells:

 Spells                   Type           Power        Failure   Level  Hunger
 Swiftness                Chrm/Air       #.......     100%        2    ###....
 Animate Dead             Necr           N/A          100%        4    #####..
 Iskenderun's Battlesphe  Conj/Chrm      #.......     100%        5    ######.
 Deflect Missiles         Chrm/Air       #.........   100%        6    #######


Dungeon Overview and Level Annotations

Branches:
Dungeon (11/15)            Temple (1/1) D:7            Lair (0/6) D:8
    Orc (0/2) D:10          Sewer (visited)

Altars:
Gozag
Kikubaaqudgha
Nemelex Xobeh
Okawaru
Ru
Sif Muna
Trog
Uskayaw
Wu Jian
Xom
Yredelemnul
Zin

Shops:
D:5 *   D:8 }

Annotations:
D:11 Fannar


Message History

Fannar hits you but does no damage.
You closely miss Fannar.
Fannar is moderately wounded.
You block Fannar's attack.
You closely miss Fannar.
Fannar is moderately wounded.
Fannar casts a spell.
Fannar drains the heat from the surrounding environment!
You feel very cold.
* * * LOW HITPOINT WARNING * * *
Fannar is frozen.
Fannar resists.
Blink to where?
Press: ? - help, Dir - move target cursor You are very lightly contaminated with residual magic.
As you read the scroll of blinking, it crumbles to dust.
You feel like a meek peon again.
There is an open door here.
Fannar casts a spell at you. The bolt of cold hits you!!!
You die...

#......ยง...# ########e###
#.# #+# ##.# #.# #e.#
###.#### ######'#####
###......#
#..........###........####
#..........##..#..........
+........@.'..##......##
#..........#####......#
###+######## ####.### ##.#
#..# #.## ###.## #....#
#....#


You could see Fannar.

Vanquished Creatures
  A two-headed ogre (D:9)
  An unseen horror (D:7)
  An ugly thing (D:11)
  Maurice (D:9)
  A komodo dragon (D:8)
  2 trolls
  2 hippogriffs
  Sigmund (D:4)
  A wyvern (D:8)
  5 yaks (D:9)
  Menkaure (D:4)
  3 orc warriors (D:10)
  5 sky beasts
  2 black bears
  5 ogres
  A phantom (D:10)
  A centaur (D:10)
  A necrophage (D:6)
  A crocodile (D:7)
  2 big kobolds
  4 bullfrogs
  A gnoll sergeant (D:5)
  3 scorpions
  10 killer bees
  8 wights
  6 howler monkeys
  2 centaur zombies
  7 crimson imps
  2 bullfrog zombies
  5 hounds
  5 orc priests
  A jelly (D:8)
  5 orc wizards
  Jessica (D:2)
  3 iguanas
  6 worker ants
  5 gnolls
  A river rat (D:6)
  12 adders
  An ooze (D:1)
  An adder zombie (D:9)
  An adder skeleton (D:7)
  5 worms
  2 dart slugs
  5 leopard geckos
  45 orcs
  3 ball pythons
  6 giant cockroaches
  4 goblins
  4 hobgoblins
  20 jackals
  17 kobolds
  3 quokkas (D:2)
  6 bats
  6 frilled lizards
  A leopard gecko skeleton (D:6)
  5 rats
260 creatures vanquished.

Vanquished Creatures (others)
  3 plants (D:8)
3 creatures vanquished.

Grand Total: 263 creatures vanquished

Notes
Turn   | Place    | Note
-------+----------+-------------------------------------------
     0 | D:1      | Ereth the Hill Orc Fighter began the quest for the Orb.
     0 | D:1      | Reached XP level 1. HP: 19/19 MP: 1/1
   116 | D:1      | Reached XP level 2. HP: 25/27 MP: 2/2
   391 | D:1      | Reached skill level 3 in Axes
   406 | D:1      | Reached XP level 3. HP: 27/33 MP: 3/3
  1279 | D:2      | Reached XP level 4. HP: 40/40 MP: 4/4
  1384 | D:2      | You fall into a shaft and drop 1 floor!
  1532 | D:2      | Noticed Jessica
  1537 | D:2      | Killed Jessica
  1537 | D:2      | Reached skill level 4 in Axes
  2112 | D:3      | Found an iron altar of Okawaru.
  2120 | D:3      | Became a worshipper of Warmaster Okawaru
  2456 | D:4      | Reached XP level 5. HP: 46/46 MP: 5/5
  2460 | D:4      | Found an ornate altar of the Wu Jian Council.
  2460 | D:4      | Found a faded altar of an unknown god.
  2466 | D:4      | Found a hide-covered altar of Uskayaw.
  2468 | D:4      | Found a basalt altar of Yredelemnul.
  2469 | D:4      | Found a faded altar of an unknown god.
  2532 | D:4      | Noticed Sigmund
  2546 | D:4      | Killed Sigmund
  2546 | D:4      | Reached * piety under Okawaru
  2546 | D:4      | Reached skill level 6 in Axes
  2546 | D:4      | Reached XP level 6. HP: 53/53 MP: 6/6
  3142 | D:4      | Identified the +11 flail "Irhoof" {elec, rElec rF+ MR+
                  | Stlth-}
  3382 | D:4      | Reached XP level 7. HP: 44/60 MP: 5/7
  3494 | D:4      | Reached skill level 5 in Fighting
  3494 | D:4      | Reached skill level 7 in Axes
  3763 | D:4      | Noticed Menkaure
  3773 | D:4      | Killed Menkaure
  3773 | D:4      | Reached skill level 5 in Armour
  3941 | D:4      | Found a sacrificial altar of Ru.
  4192 | D:5      | Entered Level 5 of the Dungeon
  4236 | D:5      | Found Qanait's General Store.
  4309 | D:5      | Reached ** piety under Okawaru
  4381 | D:5      | Reached skill level 8 in Axes
  4381 | D:5      | Reached skill level 5 in Shields
  4381 | D:5      | Reached XP level 8. HP: 57/70 MP: 5/8
  4482 | D:5      | Reached skill level 1 in Dodging
  4970 | D:5      | Found a shimmering blue altar of Sif Muna.
  5176 | D:6      | Found a glowing drain.
  5242 | Sewer    | Entered a sewer
  5593 | D:6      | Reached skill level 9 in Axes
  5627 | D:6      | Found an ancient bone altar of Kikubaaqudgha.
  5738 | D:6      | Reached skill level 10 in Axes
  5914 | D:6      | Reached XP level 9. HP: 69/78 MP: 9/9
  6153 | D:6      | Reached *** piety under Okawaru
  6153 | D:6      | Reached skill level 11 in Axes
  6164 | D:6      | Found a glowing silver altar of Zin.
  6482 | D:7      | Found a sparkling altar of Nemelex Xobeh.
  6531 | D:7      | Reached skill level 1 in Invocations
  6550 | D:7      | Killed an unseen horror
  6779 | D:7      | Reached skill level 12 in Axes
  6796 | D:7      | Reached **** piety under Okawaru
  7149 | D:7      | Reached XP level 10. HP: 88/88 MP: 10/10
  7168 | D:7      | Found an opulent altar of Gozag.
  7202 | D:7      | Found a staircase to the Ecumenical Temple.
  7220 | Temple   | Entered the Ecumenical Temple
  7567 | D:8      | Found a shimmering altar of Xom.
  7805 | D:8      | Found a bloodstained altar of Trog.
  7874 | D:8      | Found a shimmering altar of Xom.
  8051 | D:8      | Found a staircase to the Lair.
  8134 | D:8      | Reached skill level 1 in Throwing
  8166 | D:8      | Reached skill level 13 in Axes
  8183 | D:8      | Found Hiehaob's Gadget Boutique.
  8539 | D:9      | Noticed a two-headed ogre
  8561 | D:9      | Killed a two-headed ogre
  8561 | D:9      | Reached ***** piety under Okawaru
  8561 | D:9      | Received a gift from Okawaru
  8850 | D:9      | Noticed Maurice
  8877 | D:9      | Killed Maurice
  8926 | D:9      | Received a gift from Okawaru
  8941 | D:9      | Reached skill level 14 in Axes
  8941 | D:9      | Reached XP level 11. HP: 88/95 MP: 12/12
  9251 | D:10     | Entered Level 10 of the Dungeon
  9789 | D:10     | Identified Sif Muna's Catalogue of Assistive Stolen Souls
 10172 | D:10     | Found a staircase to the Orcish Mines.
 10448 | D:11     | Noticed Fannar
 10448 | D:11     | Noticed a red ugly thing
 10463 | D:11     | Killed a red ugly thing
 10472 | D:11     | Killed from afar by Fannar

Levels and vault maps discovered:
D:1:      dpeg_arrival_rooms_a, layout_basic
D:2:      layout_loops_corners, first_ration, minmay_misc_feat_square,
          uniq_jessica
D:3:      layout_basic, kennysheep_okawaru_gauntlet, corexii_hall_statues_i
D:4:      layout_basic, kennysheep_little_box,
          chequers_temple_overflow_minitemple, uniq_sigmund, uniq_menkaure
D:5:      layout_basic, tgw_sif, serial_shops, shop
D:6:      kennysheep_spiral_hall, layout_basic, kennysheep_mini,
          kiku_gazebo_pond_becter, cheibrodos_sewer_entry_sluice
D:7:      layout_basic, lemuel_round_altar, grunt_gozag_statues, temple_pool_b
D:8:      layout_loops_ring, bloody_trog, lemuel_coloured_pillars_altar,
          david_lair_shrubbed, basic_altar, serial_shops,
          nicolae_shop_waterfront
D:9:      layout_rooms, serial_park_tiny_pond, uniq_maurice
D:10:     layout_stronghold, hiddenorc1_lemuel
D:11:     layout_roguey, uniq_fannar
Temple:   jpeg_temple_alley_garden

Skill      XL: |  1  2  3  4  5  6  7  8  9 10 11 |
---------------+----------------------------------+-----
Axes           | 3 4 6 8 10 12 14 | 14.7
Fighting       | 4 5 6 7 8 9 |  9.0
Armour         | 4 5 6 7 |  7.8
Shields        | 4 5 6 8 9 |  9.0
Dodging        | 1 |  1.5
Invocations    | 1 2 |  2.3
Throwing       | 1 |  1.6
Stealth        | |  0.7

Action                   |  1- 3 |  4- 6 |  7- 9 | 10-12 || total
-------------------------+-------+-------+-------+-------++-------
Melee: War axe           |   144 |   123 |   442 |   419 ||  1128
Throw: Boomerang         |       |     2 |    10 |     9 ||    21
Invok: Heroism           |       |     2 |     8 |    10 ||    20
  Use: Scroll            |       |     9 |     5 |     5 ||    19
       Potion            |       |     4 |       |     2 ||     6
  Eat: Chunk             |     2 |     1 |     5 |     7 ||    15
       Ration            |       |     2 |     2 |     1 ||     5
Armor: Scale mail        |    86 |    33 |       |       ||   119
       Plate armour      |       |    39 |   246 |   190 ||   475
Dodge: Dodged            |    63 |    25 |    73 |    77 ||   238
Block: Shield            |    84 |    66 |   217 |   223 ||   590
